 Dungeon Crawl Stone Soup version 0.32-a0-975-g85d4e5bfdb (webtiles) character file.

Game seed: 15124925633683878139

4 Maxmaps the Ruffian (level 1, 0/15 HPs)
             Began as a Demonspawn Shapeshifter on Apr 19, 2024.
             Slain by a jackal (3 damage)
             ... on level 1 of the Dungeon.
             The game lasted 00:00:10 (164 turns).

Maxmaps the Ruffian (Demonspawn Shapeshifter)        Turns: 164, Time: 00:00:11

Health: 0/15       AC:  2    Str: 14    XL:     1   Next: 50%
Magic:  1/1        EV: 11    Int: 10    God:
Gold:   14         SH:  0    Dex: 12    Spells: 0/0 levels left

rFire   . .          .
                       - Unarmed
rCold   . . .        (no shield)
rNeg    . . .        a - +0 animal skin
rPois   .            (helmet currently unavailable)
rElec   .            (cloak currently unavailable)
rCorr   .            (gloves currently unavailable)
SInv    .            (boots currently unavailable)
Will    .....        (no amulet)
Stlth   +            (no ring)
HPRegen 0.22/turn    (no ring)
MPRegen 0.07/turn

%: no passive effects
@: beast-form
A: beast (slay +1)
a: Begin Untransformation


You were on level 1 of the Dungeon.
You were a hulking beast.
You visited 1 branch of the dungeon, and saw 1 of its levels.

You collected 14 gold pieces.

Inventory:

Armour
 a - a +0 animal skin (worn)
Jewellery
 e - a ring of willpower
Talismans
 c - a beast talisman (active)
 d - a flux talisman
Scrolls
 f - a scroll of identify {unknown}
Potions
 b - a potion of lignification


   Skills:
 + Level 1.6 Fighting
 - Level 1.7 Dodging
 - Level 2.6 Unarmed Combat
 - Level 2.6 Shapeshifting


You couldn't memorise any spells.
You didn't know any spells.
Your spell library was empty.

Dungeon Overview and Level Annotations

Branches:
Dungeon (1/15)

Altars:


Message History

The jackal is heavily wounded.
A rat comes into view.
The jackal completely misses you. The jackal misses you. x2
The rat squeaks loudly.
You hit the jackal.
You kill the jackal!
The jackal misses you. The jackal bites you. The jackal closely misses you.
The jackal bites you.
You closely miss the rat. The jackal bites you.
The jackal bites you but does no damage. x2
The jackal barely misses you. The rat bites you.
A jackal comes into view.
The jackal barely misses you. x2; The jackal closely misses you.
The jackal barks!
You hit the rat.
The rat is heavily wounded.
The jackal bites you. The jackal closely misses you. x2
The jackal barely misses you. The rat barely misses you.
You are too injured to fight recklessly!
You are too injured to fight recklessly!
You are too injured to fight recklessly!
You are too injured to fight recklessly!
The jackal barely misses you. The rat barely misses you.
The jackal bites you but does no damage.
You hit the jackal but do no damage.
The jackal bites you but does no damage. x2
The rat barely misses you. The jackal completely misses you.
You miss the jackal. The jackal bites you. The jackal closely misses you.
The jackal barely misses you. The rat barely misses you. The jackal bites you.
* * * LOW HITPOINT WARNING * * *
The jackal attacks as it pursues you! The jackal closely misses you.
The jackal bites you.
* * * LOW HITPOINT WARNING * * *
The jackal closely misses you. x2
There is an open door here.
The giant cockroach waves its antennae.
The jackal closely misses you. The jackal bites you.
You die...

#.###.#.#.# ##
###.####..#.#
..# #.........+
#.#.##.####.##
#.# #.###.##
#.##.##.## #.#
#.#.#.##
#...#####...##
#....hhhhh##
#+#######'######
......r.h.....#
...####hB.......
...r...r.....>.#
................
.#............##
#..##........#
#.. .........#


You could see 4 jackals.

Vanquished Creatures
  A hobgoblin (D:1)
  A jackal (D:1)
  A frilled lizard (D:1)
  A rat (D:1)
4 creatures vanquished.

Notes
Turn   | Place    | Note
-------+----------+-------------------------------------------
     0 | D:1      | Maxmaps the Demonspawn Shapeshifter began the quest for the
                  | Orb.
     0 | D:1      | Reached XP level 1. HP: 15/15 MP: 1/1
   164 | D:1      | Slain by a jackal

Illustrated notes

Levels and vault maps discovered:
D:1:      roderic_octagonal_star, layout_basic, minivault_27

Action                     || total
---------------------------++-------
  Melee: Unarmed           ||    11
 Armour: Animal skin       ||    17
  Dodge: Dodged            ||    28

Table legend: (Time is in decaauts)
 A = Elapsed time spent in this place.
 B = Non-inter-level travel time spent in this place.
 C = Inter-level travel time spent in this place.
 D = Time resting spent in this place.
 E = Time spent auto-exploring this place.
 F = Levels seen in this place.
 G = Mean time per level.
                   A        B        C        D        E       F      G
               +--------+--------+--------+--------+--------+-----+--------+
         Total |    163 |    163 |      0 |      0 |    130 |   1 |  163.0 |
       Dungeon |    163 |    163 |      0 |      0 |    130 |   1 |  163.0 |
               +--------+--------+--------+--------+--------+-----+--------+

Top non-repeatable levels by time:
     D:1: 163 daAuts
